[Event "21st IPCA World Championship 2022"]
[Site "Ashdod"]
[Date "2022.05.14"]
[Round "7.1"]
[White "Zilberman, Yaacov"]
[Black "Obodchuk, Andrei"]
[Result "1/2-1/2"]
[ECO "E51"]
[WhiteElo "2315"]
[BlackElo "2295"]
[Annotator "TA"]
[PlyCount "62"]
[EventDate "2022.05.09"]
[EventType "swiss"]
[EventCountry "ISR"]
[SourceTitle "playchess.com"]
[Source "ChessBase"]
[SourceQuality "1"]
[TimeControl "5400+30"]

1. d4 Nf6 2. c4 e6 3. Nc3 Bb4 4. e3 O-O 5. Be2 d5 6. Nf3 b6 7. O-O Bb7 8. Bd2 Bd6 {[%emt 0:03:23] E51: Nimzo-Indian: Rubinstein: 4...0-0 5 Nf3 d5.} 9. Rc1 a6 10. cxd5 exd5 11. Ne5 c5 12. f4 Nc6 {[%emt 0:02:00] [#]} 13. Bf3 $146 ({Predecessor:} 13. Be1 cxd4 14. Nxc6 Bxc6 15. exd4 b5 16. a3 Qb6 17. Kh1 Rfe8 18. Bh4 Ne4 19. Nxe4 dxe4 {0-1 (31) Suvorov,A (2353)-Navara,D (2697) Chess.com INT 2020}) 13... cxd4 14. Nxc6 Bxc6 15. exd4 Qb8 16. g3 Qb7 17. Qb3 Rfe8 18. Rfe1 b5 19. Rxe8+ Rxe8 20. Re1 Rxe1+ 21. Bxe1 b4 22. Nd1 a5 23. Ne3 Qb6 24. Bf2 a4 (24... Qxd4 $2 25. Nf1 Qc4 26. Qxc4 dxc4 27. Bxc6 $18) 25. Qc2 Qb7 26. Ng4 Ne4 27. Ne5 Be8 28. Be3 f6 ({Black should try} 28... a3 $15 29. bxa3 bxa3) 29. Nd3 $11 {[%emt 0:00:39] The position is equal.} Qe7 30. Qc1 h5 31. Nc5 f5 {[%emt 0:04:51] Weighted Error Value: White=0.05 (flawless) /Black=0.07 (flawless)} 1/2-1/2

[Event "21st IPCA World Championship 2022"]
[Site "Ashdod"]
[Date "2022.05.14"]
[Round "7.2"]
[White "Yarmonov, Igor"]
[Black "Mikheev, Stanislav"]
[Result "0-1"]
[ECO "A45"]
[WhiteElo "2394"]
[BlackElo "2333"]
[Annotator "TA"]
[PlyCount "73"]
[EventDate "2022.05.09"]
[EventType "swiss"]
[EventCountry "ISR"]
[SourceTitle "playchess.com"]
[Source "ChessBase"]
[SourceQuality "1"]
[TimeControl "5400+30"]

1. d4 Nf6 2. Bf4 c5 3. dxc5 Na6 4. c4 g6 5. Nc3 Nxc5 {[%emt 0:01:08] [#]} 6. b4 $146 {[%emt 0:02:22] A45: Trompowsky Attack.} ({Predecessor:} 6. f3 Bg7 7. e4 d6 8. Qd2 O-O 9. O-O-O Be6 10. Bh6 Qa5 11. Bxg7 Kxg7 12. Kb1 {0-1 (34) Muzik,M (2163)-Mosesov,D (2379) Prague 2020}) 6... Nce4 7. Nxe4 Nxe4 8. Qd4 {[%emt 0:02:00][%csl LRe4,LRh8] Against Bg7. Black is slightly better.} Nf6 9. Bd2 Bg7 10. Bc3 (10. Rc1 $15) 10... O-O $17 11. e4 {[%emt 0:04:48] Inhibits d5.} b6 ({Black should play} 11... d6 $17 12. Nf3 Qb6) 12. f3 d6 13. Qd2 Be6 14. Rc1 Rc8 15. Bd4 (15. h4 $15) 15... Rc7 16. Rc3 Qc8 17. Qc1 Qb7 18. Bd3 Nd7 19. Bxg7 Kxg7 20. f4 {[%emt 0:00:59] Prevents Ne5.} (20. h4 $17) 20... f5 21. Qe3 (21. Qb2 $17 {was worth a try.}) 21... Nf6 $19 22. exf5 (22. Nf3 {was called for.} fxe4 23. Nd4) 22... Qxg2 23. Qf3 Qb2 24. Ne2 gxf5 25. O-O (25. a3 $142) 25... Qxb4 {[%emt 0:01:02] Active counter play!} 26. h3 Kh8 ({Wrong is} 26... Bxc4 $2 27. Rfc1 Bd5 28. Qg3+ Kf7 29. a3 (29. Rxc7 $2 Rg8 $19) 29... Rxc3 30. axb4 Rxc1+ 31. Nxc1) 27. Kh2 Rg8 ({Avoid the trap} 27... Bxc4 $2 28. a3 Qb5 29. Rb1 $19) 28. Rcc1 Qc5 29. Ng3 Bc8 30. Qe2 (30. Qf2 $142) 30... Bb7 31. Rg1 Qd4 {[%emt 0:01:54] Strongly threatening ...e6.} 32. Rcf1 e6 {[%emt 0:03:44] And now ...Rcg7 would win.} 33. Qxe6 Rcg7 {[%emt 0:04:32] White must now prevent ...Nh5.} (33... Qxd3 34. Qxf6+ Rcg7 35. Rf2 $14) 34. Qe2 {[%emt 0:01:45] [#] Inhibits Nh5.} Nh5 $1 35. Be4 (35. Qxh5 Qxd3) 35... Nxg3 36. Rxg3 Bxe4 (36... Rxg3 $142 37. Bd5 Qg7 38. Qe1 Bxd5 39. cxd5 Rg2+ 40. Kh1 {[#]} Rh2+ $3 41. Kxh2 Qg2#) 37. Rfg1 {[%emt 0:00:29] Weighted Error Value: White=0.70/Black=0.51} 0-1

[Event "21st IPCA World Championship 2022"]
[Site "Ashdod"]
[Date "2022.05.14"]
[Round "7.3"]
[White "Campos, Eugenio"]
[Black "Gurbanov, Andrei"]
[Result "0-1"]
[ECO "C63"]
[WhiteElo "2247"]
[BlackElo "2302"]
[Annotator "TA"]
[PlyCount "68"]
[EventDate "2022.05.09"]
[EventType "swiss"]
[EventCountry "ISR"]
[SourceTitle "playchess.com"]
[Source "ChessBase"]
[SourceQuality "1"]
[TimeControl "5400+30"]

1. e4 e5 2. Nf3 Nc6 3. Bb5 f5 4. d3 fxe4 5. dxe4 Nf6 6. O-O Bc5 7. Bg5 d6 8. Nc3 O-O 9. Nd5 Kh8 10. Nh4 Be6 {[%emt 0:07:10] C63: Ruy Lopez: Schliemann/Jaenisch Defence.} 11. c3 {[%emt 0:06:31] [#]} ({White should play} 11. Bxf6 $14 gxf6 12. Qh5) 11... Ne7 $146 ({Better is} 11... Bxd5 $15 12. exd5 Ne7) ({Predecessor:} 11... Qd7 12. Bxf6 gxf6 13. Qh5 Qg7 14. Bxc6 bxc6 15. Ne7 Bf7 16. Qf3 Be8 17. Nhf5 Qf7 18. b4 {½-½ (49) Bento Iglesias,P (2001)-Veganzonez Rojo,D (2117) Madrid 2017}) 12. Nxe7 (12. Bxf6 $11 Bxd5 13. Bxg7+ (13. exd5 Rxf6 14. Kh1 Bxf2 $17) 13... Kxg7 14. exd5) 12... Qxe7 $17 {[%emt 0:00:12] Black is better.} 13. b4 {[%emt 0:00:12] [#]} Bb6 14. a4 a5 15. Bd3 Qf7 {[%emt 0:00:13] Black is more active.} 16. Be3 Bb3 17. Bc2 {[%emt 0:01:22] [#]} (17. Qd2 $17) 17... Bxc2 $1 $19 18. Qxc2 Bxe3 19. fxe3 Qc4 20. bxa5 Rxa5 ({Weaker is} 20... Nxe4 21. Rxf8+ Rxf8 22. Nf3) 21. Rab1 Qxa4 22. Qxa4 Rxa4 23. Rxb7 Rc4 24. g4 (24. Nf5 $17 {keeps fighting.}) 24... g6 ({Avoid the trap} 24... Rxe4 $2 25. g5) 25. g5 Nd7 26. Rc1 Rf7 ({Not} 26... Rxe4 $2 27. Rxc7 Nc5 28. Ng2) 27. Rb4 Rc6 28. Kg2 Nc5 29. Rb8+ {[%emt 0:00:53] This move loses the game for White.} (29. Nf3 $17) 29... Kg7 30. Ra1 Ne6 31. Nf3 Rxc3 32. Raa8 Rf8 {[%emt 0:00:00] Against Rg8+} 33. Re8 (33. Rxf8 {was forced.} Nxf8 34. Kf2) 33... Rxe8 34. Rxe8 Kf7 {[%emt 0:00:00] Weighted Error Value: White=0.55/Black=0.20 (precise)} 0-1

[Event "21st IPCA World Championship 2022"]
[Site "Ashdod"]
[Date "2022.05.14"]
[Round "7.4"]
[White "Lipilin, Ilia"]
[Black "Alperovich, Asher"]
[Result "1-0"]
[ECO "A03"]
[WhiteElo "2198"]
[BlackElo "1865"]
[Annotator "TA"]
[PlyCount "85"]
[EventDate "2022.05.09"]
[EventType "swiss"]
[EventCountry "ISR"]
[SourceTitle "playchess.com"]
[Source "ChessBase"]
[SourceQuality "1"]
[TimeControl "5400+30"]

1. f4 d5 2. Nf3 Nf6 3. d3 b6 4. g3 Bb7 5. Bg2 g6 6. c3 Bg7 7. O-O c5 8. e4 {[%emt 0:03:08] A03: Bird's Opening with 1...d5.} dxe4 9. Ng5 O-O 10. Nxe4 {[%emt 0:05:04] Black has an edge.} Nc6 {[%emt 0:03:50] [#]} 11. Be3 $146 ({Predecessor:} 11. Qe2 Qd7 12. Nf2 Rad8 13. Rd1 Rfe8 14. Na3 e5 15. Qf1 exf4 16. Bxf4 Nd5 17. Ne4 Nxf4 18. Qxf4 {½-½ (53) Kotz,R (2166)-Taggatz,M (2241) Germany 2015}) 11... Qd7 12. Na3 Rad8 (12... Ng4 {looks sharper.} 13. Re1 Na5 14. Nf2 Nxf2 15. Bxf2 Bxg2 16. Kxg2 e5) 13. Nxf6+ Bxf6 14. Qa4 (14. Be4 $11) 14... Na5 15. Qxd7 Rxd7 16. Be4 Rfd8 17. Rab1 Ba6 18. c4 Bb7 19. Rfe1 Nc6 (19... Bg7 $17 20. Re2 e6) 20. Nc2 $1 $15 Kg7 21. Kf2 Kf8 22. a3 (22. Rec1 $15) 22... a5 ({Black should play} 22... Na5 $1 $17 {[%cal Oa5c4] ...Nxc4! is the strong threat.} 23. b4 Nxc4 $1 24. bxc5 (24. Bxb7 Nxe3 25. Rxe3 Rxb7 $19) 24... Bxe4 25. dxe4 Bc3) 23. b3 e6 24. Red1 (24. b4 $11) 24... Bc3 (24... Nb4 $5 25. axb4 Bxe4 26. bxc5 Rxd3 27. Rxd3 Bxd3 $15) 25. Ke2 f5 26. Bf3 Kf7 27. Bf2 Ba8 28. Be1 Bxe1 29. Bxc6 Bxc6 30. Nxe1 Kf6 (30... e5 $5 31. fxe5 Ke6 $15) 31. b4 axb4 32. axb4 Ra8 33. b5 Bb7 34. Ra1 Rdd8 35. Ke3 e5 36. Nc2 Rxa1 37. Rxa1 Ra8 (37... g5 $11) 38. Rxa8 $16 Bxa8 $11 {[#] KB-KN} 39. Na3 $1 h6 {[%emt 0:00:57] [#]} (39... g5 $16) 40. Nb1 $1 $18 g5 41. Nc3 h5 $2 (41... exf4+ 42. gxf4 Ke7) 42. Na4 h4 43. Nxb6 {[%emt 0:00:00] Weighted Error Value: White=0.13 (very precise) /Black=0.23 (precise)} 1-0

[Event "21st IPCA World Championship 2022"]
[Site "Ashdod"]
[Date "2022.05.14"]
[Round "7.5"]
[White "Babanov, Aleksandr"]
[Black "Srimskov, Elishar"]
[Result "1-0"]
[ECO "A06"]
[WhiteElo "1929"]
[BlackElo "1992"]
[Annotator "TA"]
[PlyCount "35"]
[EventDate "2022.05.09"]
[EventType "swiss"]
[EventCountry "ISR"]
[SourceTitle "playchess.com"]
[Source "ChessBase"]
[SourceQuality "1"]
[TimeControl "5400+30"]

1. b3 Nf6 2. Bb2 e6 3. e3 d5 4. Nf3 Nbd7 5. g3 Be7 6. Bg2 {[%emt 0:00:11] A06: Réti Opening: 1 Nf3 d5.} O-O 7. O-O {[%emt 0:02:16] [#]} Ne4 $146 ({Predecessor:} 7... c6 8. d3 Re8 9. Nbd2 b5 10. Qe2 Bd6 11. d4 e5 12. dxe5 Nxe5 13. Rfd1 Qb6 {1-0 (68) Kutirov,R (2367)-Vasovski,N (2309) Skopje 2002}) 8. d3 {[%emt 0:02:29] White is slightly better.} Bf6 9. c3 Nd6 10. h4 Re8 11. Nh2 c6 12. Ng4 e5 13. e4 Nb6 (13... dxe4 $11 {remains equal.} 14. dxe4 Nc5) 14. Nxf6+ $16 Qxf6 {[%emt 0:00:10] [#]} 15. c4 $1 dxc4 16. dxc4 {[%emt 0:01:27] aiming for c5.} c5 17. Nc3 Be6 $2 (17... Qe7 $16 18. Nd5 Nxd5) 18. Qxd6 {[%emt 0:02:43] Weighted Error Value: White=0.09 (flawless) /Black=0.91} 1-0

[Event "21st IPCA World Championship 2022"]
[Site "Ashdod"]
[Date "2022.05.14"]
[Round "7.6"]
[White "Mekus, Manuela"]
[Black "Valenta, Vit Vaclav"]
[Result "0-1"]
[ECO "A04"]
[WhiteElo "1644"]
[BlackElo "2014"]
[Annotator "TA"]
[PlyCount "116"]
[EventDate "2022.05.09"]
[EventType "swiss"]
[EventCountry "ISR"]
[SourceTitle "playchess.com"]
[Source "ChessBase"]
[SourceQuality "1"]
[TimeControl "5400+30"]

1. e4 c5 2. Nf3 e6 3. d3 Nc6 4. g3 g6 5. Bg2 Bg7 6. O-O Nge7 7. Nbd2 O-O 8. c3 b6 9. Re1 {[%emt 0:01:23] A04: Unusual lines after 1 Nf3 and King's Indian Attack.} Bb7 10. Nc4 d5 11. Ncd2 {[%emt 0:01:26] The position is equal.} Qc7 12. Nf1 Rad8 13. Qe2 {[%emt 0:00:28] [#]} Ba6 $146 (13... e5 $17) ({Predecessor:} 13... Rfe8 14. e5 d4 15. Bf4 Nd5 16. Bg5 Nde7 17. Qd2 dxc3 18. bxc3 Ba6 19. Bf6 Bxd3 {1-0 (58) Burosch,R-Pohl,M (1700) Herne 2011}) 14. Bf4 (14. e5 $1 $11 {remains equal.}) 14... e5 $17 15. Bg5 (15. exd5 $17 Rxd5 16. c4 exf4 17. cxd5 Nxd5 18. a3) 15... dxe4 16. Qxe4 Bxd3 17. Qa4 h6 18. Be3 (18. Bxe7 $142 Nxe7 19. N3d2) 18... Nf5 19. N3d2 Nce7 20. Ne4 (20. Be4 $17) 20... Nxe3 21. Rxe3 f5 $2 {[%emt 0:01:46] [#]} ({Better is} 21... c4 $19 {Hoping for ...Nd5.} 22. Ned2 f5) 22. Rxd3 $1 $16 {[%emt 0:00:54][%mdl 576] Remove Defender, Decoy} Rxd3 23. Qc4+ Rd5 {[%emt 0:00:01] ...Kh8 is the strong threat.} 24. Ned2 $2 (24. Ne3 $16) 24... e4 25. Ne3 {[%emt 0:00:39][%mdl 64] Pin} Qe5 26. Nxd5 Qxd5 27. Bf1 Kh7 $36 {[%emt 0:01:24][%mdl 2048] White is under pressure.} 28. Qxd5 Nxd5 29. Bc4 $2 {[%emt 0:00:55] [#]} ({White should play} 29. Nc4 $15) 29... Rd8 (29... Nxc3 $1 $19 {[%mdl 512] is more deadly. Strongly threatening ...Na4.} 30. bxc3 Bxc3) 30. Nf1 $17 {[%emt 0:00:28] And now Rd1 would win.} Nc7 {[%emt 0:02:30] Black is more active.} 31. Ne3 b5 32. Bf1 h5 33. Rd1 Rxd1 34. Nxd1 {[%emt 0:00:06][%mdl 4096] Endgame KBN-KBN} Bh6 35. Ne3 (35. f3 $142) 35... Kg7 36. Ng2 (36. f4 $17) 36... a5 37. Ne1 (37. b3 $17) 37... Bc1 38. c4 bxc4 ({Stronger than} 38... Bxb2 39. cxb5 Nd5 40. Bc4 $17) 39. Bxc4 Bxb2 40. Nc2 Bd4 41. Kf1 Ne8 42. Ke2 Nd6 43. Bd5 (43. Ba6 {was necessary.}) 43... Nb5 $19 44. Ke1 Nc3 45. Be6 Kf6 46. Bg8 g5 47. Bc4 h4 48. Ne3 $2 (48. gxh4 gxh4 49. Bb3) 48... Bxe3 49. fxe3 hxg3 50. hxg3 {[%emt 0:00:00] KB-KN} Ke5 51. Kd2 Nd5 {[%emt 0:00:42] ( -> ...f4)} 52. a3 f4 {[%emt 0:02:40] Black mates.} 53. exf4+ gxf4 54. gxf4+ Nxf4 55. Kc3 Nd5+ 56. Kb3 Kd4 57. Bf1 Nc3 58. Ba6 a4+ {Weighted Error Value: White=0.69/Black=0.28 (precise)} 0-1

[Event "21st IPCA World Championship 2022"]
[Site "Ashdod"]
[Date "2022.05.14"]
[Round "7.7"]
[White "Cosic, Radoslav"]
[Black "Shapiro, Benny"]
[Result "0-1"]
[ECO "A03"]
[WhiteElo "2003"]
[BlackElo "1884"]
[Annotator "TA"]
[PlyCount "76"]
[EventDate "2022.05.09"]
[EventType "swiss"]
[EventCountry "ISR"]
[SourceTitle "playchess.com"]
[Source "ChessBase"]
[SourceQuality "1"]
[TimeControl "5400+30"]

1. Nf3 e6 2. b3 Nf6 3. Bb2 d5 4. e3 Be7 5. Ne5 O-O 6. f4 c5 {[%emt 0:00:30] A03: Bird's Opening with 1...d5.} 7. Nc3 {[%emt 0:00:30] [#]} d4 $146 ({Predecessor:} 7... Nbd7 8. Bd3 a6 9. Qf3 Qc7 10. Qh3 Rd8 11. Ne2 b5 12. Nxd7 Bxd7 13. Bxf6 Bxf6 14. Qxh7+ {0-1 (52) Krueger,D-Trippe,J GER email 2007}) 8. Ne2 dxe3 {[%emt 0:00:00] Black is slightly better.} 9. dxe3 Ne4 (9... Nbd7 $15) 10. Qd3 Qa5+ 11. c3 ({Better is} 11. Nc3 $14 Nf6 12. Nc4) 11... f5 (11... Nd6 $15) 12. Nc4 (12. Ng3 $1 $11 Bh4 13. Qd1) 12... Qc7 $1 $17 {[%emt 0:00:00] Black is more active.} 13. a4 b6 14. Qc2 Bb7 15. Ne5 (15. Ng3 $17) 15... Nd7 $19 16. Nf3 (16. Nxd7 $142 Qxd7 17. Ng3) 16... e5 (16... Ndf6 $142 $1 {[%cal Rf6g4] ...Ng4 is the strong threat.} 17. h3 Nd5) 17. c4 (17. O-O-O $142) 17... exf4 (17... Bf6 $1 $19 {has better winning chances.} 18. Rd1 Rad8) 18. Nxf4 $17 Qc6 {[%emt 0:00:00] Prevents Ne6.} ({Black should try} 18... Ndf6 $1 {[%cal Rf6g4] Threatens to win with ...Ng4.} 19. Bd3 (19. Ne6 Qd6 $15) 19... Rfe8) 19. Nd5 (19. Bd3 $142) 19... Rae8 20. Bd3 {[%emt 0:00:00] [#]} Bf6 (20... Qh6 $142 $1 {aiming for ...Bxd5.} 21. O-O-O Bf6) 21. O-O (21. Bxe4 $142 Rxe4 22. Bxf6 Nxf6 23. Qxe4 fxe4 24. Ne7+ Kh8 25. Nxc6 exf3 26. gxf3 Bxc6 27. Rf1) 21... Bxb2 22. Qxb2 Ndf6 (22... Qh6 $17 {White must now prevent ...Bxd5.} 23. Rae1 Nd6) 23. Ne5 (23. Bxe4 $15 Nxe4 24. Rad1) 23... Qe6 $19 24. Nxf6+ (24. Nf3 {was the crucial defense.} Nxd5 25. cxd5 Bxd5 26. Bb5) 24... Qxf6 ({Worse is} 24... Rxf6 25. Nf3 $17) 25. a5 Qxe5 26. Qc2 (26. Qxe5 $142 Rxe5 27. axb6 axb6 28. Bxe4 Bxe4 29. Rfd1) 26... Rf6 27. axb6 Rh6 28. h3 axb6 (28... Ng5 $142 29. Rf2 Qxa1+ 30. Qb1 Qe5 31. Bxf5 axb6 32. Qc2 Qg3 33. e4 Bxe4 34. Qe2 Rxh3 35. Rf4 Qxf4 36. Bd7 {[#]} Ra8 $1 37. Be6+ Nxe6 38. Qf3 Ra1+ 39. Kf2 Rxf3+ 40. gxf3 Qxf3#) 29. Ra7 Bc6 {[%emt 0:00:00] Hoping for ...Ng5.} 30. Rf4 g5 31. Rf3 g4 32. Rf4 gxh3 33. gxh3 Rxh3 34. Bf1 Rxe3 35. Qh2 Rg3+ 36. Bg2 Rg7 (36... Qd4+ $142 37. Rf2 Qxf2+ 38. Kh1 Qe1+ 39. Qg1 Nf2+ 40. Kh2 Ng4+ 41. Kh1 Bxg2#) 37. Rxg7+ Qxg7 38. Qh5 Nf6 {[%emt 0:00:00] Weighted Error Value: White=1.48/Black=0.42} 0-1

[Event "21st IPCA World Championship 2022"]
[Site "Ashdod"]
[Date "2022.05.14"]
[Round "7.9"]
[White "Frumin, Rebeka"]
[Black "Aleksandrova, Aleksandra"]
[Result "0-1"]
[ECO "A00"]
[WhiteElo "1319"]
[BlackElo "1687"]
[Annotator "NA RC COMBH"]
[PlyCount "78"]
[EventDate "2022.05.09"]
[EventType "swiss"]
[EventCountry "ISR"]
[SourceTitle "playchess.com"]
[Source "ChessBase"]
[SourceQuality "1"]
[TimeControl "5400+30"]

1. e4 d5 2. Nc3 d4 3. Nce2 e5 4. d3 c5 5. c3 Be6 6. Nf3 f6 7. Ng3 g6 8. Be2 Nc6 9. a3 a5 10. c4 a4 11. O-O Qd7 12. b3 b5 13. cxb5 Na5 14. bxa4 Bb3 15. Qe1 Bxa4 16. Bd2 Nb3 17. Rb1 Qxb5 18. Bc1 Qa6 19. Nd2 Na5 20. Nc4 Nxc4 21. dxc4 Bc2 22. Rb2 d3 23. Bg4 Qxc4 24. Rb7 Qa6 25. Rb2 h5 26. Bf3 c4 27. Ra2 Ne7 28. Bd1 Bxd1 29. Qxd1 Nc6 30. Bb2 Qa4 31. Qd2 Qb3 32. Raa1 Bh6 33. Qe1 Qxb2 34. Qd1 O-O 35. Nxh5 gxh5 36. Qxh5 Bg7 37. Rfb1 Qd4 38. Qf5 Nd8 39. Qg6 d2 0-1